 Dungeon Crawl Stone Soup version 0.24.0-123-gd5b16e6ec5 (webtiles) character file.

Game seed: 13854223292861563981, levelgen mode: deterministic

128 Peloso the Shield-Bearer (level 4, -3/41 HPs)
             Began as a Minotaur Fighter on Feb 11, 2020.
             Was an Initiate of Okawaru.
             Killed from afar by a white imp (4 damage)
             ... with a puff of frost
             ... summoned by Natasha
             ... on level 3 of the Dungeon.
             The game lasted 00:03:20 (1895 turns).

Peloso the Shield-Bearer (Minotaur Fighter)         Turns: 1895, Time: 00:03:20

Health: -3/41      AC:  9    Str: 21    XL:     4   Next: 86%
Magic:  3/3        EV:  6    Int:  5    God:    Okawaru [......]
Gold:   149        SH:  9    Dex: 10    Spells: 3/3 levels left

rFire    . . .     SeeInvis .   a - +0 long sword
rCold    . . .     Gourm    .   c - +0 shield
rNeg     . . .     Faith    .   b - +0 chain mail
rPois    .         Spirit   .   (helmet restricted)
rElec    .         Reflect  .   (no cloak)
rCorr    +         Harm     .   (no gloves)
MR       .....                  (no boots)
Stlth    ..........             (no amulet)
HPRegen  0.13/turn              k - ring of resist corrosion
MPRegen  0.08/turn              (no ring)

@: slowed, very slow
A: retaliatory headbutt, horns 2
a: Renounce Religion


You were on level 3 of the Dungeon.
You worshipped Okawaru.
Okawaru was noncommittal.
You were not hungry.

You visited 1 branch of the dungeon, and saw 3 of its levels.

You collected 149 gold pieces.

Inventory:

Hand Weapons
 a - a +0 long sword (weapon)
Armour
 b - a +0 chain mail (worn)
 c - a +0 shield (worn)
Jewellery
 k - a ring of resist corrosion (left hand)
Wands
 g - a wand of disintegration (9)
Scrolls
 e - 7 scrolls of remove curse {unknown}
 h - 3 scrolls of identify {unknown}
 j - a scroll of enchant weapon {unknown}
 m - a scroll of teleportation {unknown}
Potions
 d - a potion of might
Comestibles
 f - 4 rations


   Skills:
 + Level 4.3 Fighting
 + Level 3.9 Long Blades
 + Level 4.3 Armour
 + Level 0.8 Dodging
 + Level 4.7 Shields


You had 3 spell levels left.
You didn't know any spells.
Your spell library was empty.

Dungeon Overview and Level Annotations

Branches:
Dungeon (3/15)

Altars:
Okawaru

Annotations:
D:3 Natasha


Innate Abilities, Weirdness & Mutations

You reflexively headbutt those who attack you in melee.
You have a pair of horns on your head.


Message History

Natasha barely misses you. You block the white imp's attack.
Natasha barely misses you. You furiously retaliate!
You headbutt Natasha! You block the white imp's attack.
Unknown command.
You closely miss Natasha. Your headbutt misses Natasha.
Natasha is almost dead.
Natasha mumbles some strange words.
The white imp gestures at you. The puff of frost hits you!
* * * LOW HITPOINT WARNING * * *
Unknown command.
Unknown command.
Okay, then.
You closely miss Natasha. Your headbutt misses Natasha.
Natasha is almost dead.
Natasha claws you.
* * * LOW HITPOINT WARNING * * *
The white imp hits you but does no damage.
The white imp gestures at you. The puff of frost hits you.
You die...

.. .# ####.# ####
..#..# #...
.##.######### ...
....##......## #..
##.....##....###5#
##.##..##.#...##h# #
##......#.#....#@##.#
#####...#....#.#5...#
# #...###.......#...#
# #...#....##...# ###
######............#
)....#..........###
####.##.........#
#.##.........+
####............#


You could see Natasha, a crimson imp and a white imp.

Vanquished Creatures
  Terence (D:3)
  2 gnolls (D:2)
  2 adders (D:3)
  2 oozes
  2 worms (D:3)
  A dart slug (D:1)
  A leopard gecko (D:2)
  An orc (D:2)
  4 giant cockroaches
  7 goblins
  4 hobgoblins
  4 kobolds
  A quokka (D:3)
  7 bats
  5 frilled lizards (D:1)
  6 rats
50 creatures vanquished.

Notes
Turn   | Place    | Note
-------+----------+-------------------------------------------
     0 | D:1      | Peloso the Minotaur Fighter began the quest for the Orb.
     0 | D:1      | Reached XP level 1. HP: 19/19 MP: 0/0
   326 | D:1      | Reached XP level 2. HP: 26/27 MP: 1/1
   986 | D:2      | Reached XP level 3. HP: 29/33 MP: 2/2
  1477 | D:2      | Reached XP level 4. HP: 21/40 MP: 3/3
  1480 | D:2      | Found an iron altar of Okawaru.
  1488 | D:2      | Became a worshipper of Warmaster Okawaru
  1761 | D:3      | Noticed Terence
  1779 | D:3      | Killed Terence
  1887 | D:3      | Noticed Natasha
  1895 | D:3      | HP: 1/41 [Natasha (5)]
  1895 | D:3      | Killed from afar by a white imp

Levels and vault maps discovered:
D:1:      lordsloth_arrival_two_stooges, layout_basic, serial_park_tiny_pond
D:2:      layout_basic, okawaru_altar_gauntlet_db
D:3:      layout_basic, wad_floor_pattern_untrapped, uniq_natasha, uniq_terence

Skill      XL: |  1  2  3 |
---------------+----------+-----
Shields        | 4 |  4.7
Armour         | 4 |  4.3
Fighting       | 4 |  4.3
Long Blades    | 3 |  3.9
Dodging        | |  0.8

Action                   |  1- 3 |  4- 6 || total
-------------------------+-------+-------++-------
Melee: Long sword        |    80 |    47 ||   127
       Headbutt          |    14 |     9 ||    23
  Use: Potion            |     4 |       ||     4
  Eat: Chunk             |     1 |     2 ||     3
Armor: Scale mail        |    35 |       ||    35
       Chain mail        |    23 |    15 ||    38
Dodge: Dodged            |    36 |    13 ||    49
Block: Shield            |    75 |    25 ||   100
       Rpst.: Long sword |    13 |     4 ||    17
